 Dungeon Crawl Stone Soup version 0.26-a0-812-g31a745ddcd (webtiles) character file.

Game seed: 16128973122675504756

3352 HoaS the Basher (level 10, -7/56 HPs)
             Began as a Gargoyle Fighter on Dec 6, 2020.
             Was a Priest of Makhleb.
             Mangled by a death knight
             ... wielding a +0 glaive
              (12 damage)
             ... on level 8 of the Dungeon.
             The game lasted 00:19:47 (6915 turns).

HoaS the Basher (Gargoyle Fighter)                  Turns: 6915, Time: 00:19:48

Health: -7/56      AC: 22    Str: 23    XL:     10   Next: 3%
Magic:  10/10      EV:  5    Int:  9    God:    Makhleb [***...]
Gold:   1801       SH: 17    Dex:  9    Spells: 9/9 levels left

rFire    . . .     SeeInvis .   j - +3 whip (elec)
rCold    . . .     Faith    .   c - +1 kite shield
rNeg     + . .     Spirit   .   x - +0 plate armour
rPois    ∞         Reflect  +   n - +1 helmet
rElec    +         Harm     .   (no cloak)
rCorr    .         Rampage  .   u - +1 pair of gloves (curse)
MR       .....                  (no boots)
Stlth    ..........             o - amulet of reflection
HPRegen  0.18/turn              (no ring)
MPRegen  0.12/turn              (no ring)

@: mighty
A: negative energy resistance 1, electricity resistance, unbreathing,
petrification resistance, rot immunity, AC +7
a: Minor Destruction, Lesser Servant of Makhleb, Renounce Religion


You were on level 8 of the Dungeon.
You worshipped Makhleb.
Makhleb was most pleased with you.
You visited 2 branches of the dungeon, and saw 9 of its levels.
You also visited: Ossuary.

You collected 1801 gold pieces.

Inventory:

Hand Weapons
 a - a +0 short sword
 j - a +3 whip of electrocution (weapon)
Armour
 c - a +1 kite shield (worn)
 n - a +1 helmet (worn)
 u - a cursed +1 pair of gloves (worn)
 x - a +0 plate armour (worn)
Jewellery
 h - an uncursed ring of ice
 o - an amulet of reflection (around neck)
 v - an uncursed ring of fire
Wands
 f - a wand of paralysis (10)
 t - a wand of digging (3)
Scrolls
 e - a scroll of identify
 k - 6 scrolls of teleportation
 q - 4 scrolls of remove curse
 s - a scroll of magic mapping
 w - a scroll of enchant armour
Potions
 b - 2 potions of ambrosia
 d - a potion of might
 g - 5 potions of haste
 i - 2 potions of lignification
 l - 4 potions of mutation
 m - 6 potions of curing
 p - 4 potions of berserk rage
 r - a potion of flight


   Skills:
 - Level 3.2 Fighting
 * Level 11.3 Maces & Flails
 - Level 3.2 Armour
 + Level 9.4 Shields


You had 9 spell levels left.
You didn't know any spells.
Your spell library contained the following spells:

 Spells                   Type           Power        Failure   Level
 Animate Skeleton         Necr           #.....       100%        1
 Apportation              Tloc           #.....       100%        1
 Corona                   Hex            #......      100%        1
 Magic Dart               Conj           #...         100%        1
 Summon Small Mammal      Summ           #...         100%        1
 Blink                    Tloc           N/A          100%        2
 Call Imp                 Summ           #.......     100%        2
 Slow                     Hex            #.......     100%        2
 Conjure Flame            Conj/Fire      #.......     100%        3
 Mephitic Cloud           Conj/Pois/Air  #.......     100%        3


Dungeon Overview and Level Annotations

Branches:
Dungeon (8/15)             Temple (1/1) D:5         Ossuary (visited)
   Lair: D:8-11

Altars:
Ashenzari
Cheibriados
Dithmenos
Elyvilon
Fedhas
Gozag
Hepliaklqana
Kikubaaqudgha
Makhleb
Nemelex Xobeh
Okawaru
Ru
Sif Muna
Trog
Uskayaw
Vehumet
Wu Jian
Xom
Yredelemnul
Zin
The Shining One

Shops:
D:7 *

Annotations:
D:6 1 runed translucent door, loralnil's ghost, novice GnTm


Innate Abilities, Weirdness & Mutations

You are resistant to torment.
Your stone body is resilient. (AC +7)
You are immune to poison.
You resist negative energy. (rN+)
You are resistant to electric shocks. (rElec)
You can survive without breathing.
You are immune to petrification.
You are immune to rotting.


Message History

You whack the death knight!
The death knight is heavily wounded.
Your plate armour prevents you from hitting the death knight.
The death knight is heavily wounded.
The death knight hits you with a +0 glaive!
* * * LOW HITPOINT WARNING * * *
You whack the death knight!
The death knight is heavily wounded.
You whack the death knight!
Lightning courses through the death knight!
The death knight is almost dead.
You block the death knight's attack.
You whack the death knight!
The death knight is almost dead.
You hit the death knight.
The death knight is almost dead.
Your plate armour prevents you from hitting the death knight.
The death knight is almost dead.
The death knight hits you with a +0 glaive!
You die...

#.........# #.⌠...⌠.####.#
.##.........###....⌠..######
..'....).####.)...⌠...'.##
.##......# #..#..⌠..).#..#
.........# #..#.⌠...⌠.#..#
.#.......###..#.......#..#
#...(.....##'#########'##
#.#+#####..#.p.##8##...# #.
##.##@.+...'..## #
#.#.#[#8.8#.#.#
#.#####8.8##### #.....#8.8#
#####.##'## #....# ######


You could see a death knight.

Vanquished Creatures
  A troll (D:8)
  Prince Ribbit (D:5)
  Sigmund (D:4)
  Eustachio (D:3)
  3 orc warriors
  An ice beast (D:5)
  3 ogres
  A phantom (D:4)
  A centaur (D:7)
  2 bullfrogs (D:6)
  2 scorpions
  A water moccasin skeleton (D:6)
  5 killer bees (D:7)
  A crimson imp (D:3)
  A quasit (D:8)
  A bullfrog zombie (D:7)
  A centaur skeleton (D:8)
  5 hounds
  A centaur zombie (D:6)
  4 orc priests
  A bullfrog skeleton (D:5)
  A jelly (D:6)
  2 orc wizards
  2 iguanas
  Natasha (thrice) (D:2)
  8 worker ants
  A big kobold zombie (Ossuary)
  A hound zombie (D:7)
  8 mummies (Ossuary)
  A worker ant zombie (D:6)
  Robin (D:3)
  7 gnolls
  7 adders
  2 shadow imps
  3 white imps
  3 ufetubi
  2 oozes (D:1)
  2 worms
  2 dart slugs (D:1)
  5 leopard geckos
  24 orcs
  2 ball pythons
  7 bats
  5 giant cockroaches
  A gnoll zombie (Ossuary)
  13 goblins
  4 hobgoblins
  10 jackals
  2 kobolds (D:1)
  3 quokkas
  5 frilled lizards
  2 hobgoblin zombies (Ossuary)
  A kobold zombie (Ossuary)
  3 orc zombies (Ossuary)
  A quokka zombie (D:5)
  6 rats
188 creatures vanquished.

Notes
Turn   | Place    | Note
-------+----------+-------------------------------------------
     0 | D:1      | HoaS the Gargoyle Fighter began the quest for the Orb.
     0 | D:1      | Reached XP level 1. HP: 14/14 MP: 1/1
    92 | D:1      | Reached XP level 2. HP: 19/19 MP: 2/2
   156 | D:1      | Reached skill level 3 in Maces & Flails
   390 | D:1      | Reached XP level 3. HP: 23/23 MP: 3/3
   965 | D:2      | Noticed Natasha
   977 | D:2      | Killed Natasha
   977 | D:2      | Reached XP level 4. HP: 14/28 MP: 4/4
  1136 | D:2      | Noticed Natasha
  1151 | D:2      | Killed Natasha
  1151 | D:2      | Reached skill level 4 in Maces & Flails
  1288 | D:2      | Noticed Natasha
  1297 | D:2      | Killed Natasha
  1297 | D:2      | Reached XP level 5. HP: 24/32 MP: 5/5
  1471 | D:3      | HP: 1/32 [orc/+0 trident (2)]
  1717 | D:3      | Found a sparkling altar of Nemelex Xobeh.
  1759 | D:3      | Noticed Robin
  2338 | D:2      | Reached skill level 5 in Maces & Flails
  2338 | D:2      | Reached XP level 6. HP: 35/37 MP: 6/6
  2350 | D:3      | Killed Robin
  2809 | D:3      | Found a burning altar of Makhleb.
  2815 | D:3      | Reached skill level 5 in Shields
  2818 | D:3      | Became a worshipper of Makhleb the Destroyer
  2951 | D:4      | Noticed Eustachio
  3019 | D:4      | Reached skill level 6 in Maces & Flails
  3053 | D:4      | Reached XP level 7. HP: 37/41 MP: 7/7
  3153 | D:4      | Noticed Sigmund
  3165 | D:4      | Killed Sigmund
  3165 | D:4      | Reached skill level 7 in Maces & Flails
  3617 | D:5      | Entered Level 5 of the Dungeon
  3617 | D:5      | Found a sand-covered staircase.
  3628 | Ossuary  | Entered an ossuary
  3678 | Ossuary  | Reached * piety under Makhleb
  3683 | Ossuary  | Reached XP level 8. HP: 46/46 MP: 8/8
  3890 | D:5      | Found a staircase to the Ecumenical Temple.
  3943 | Temple   | Entered the Ecumenical Temple
  4196 | D:5      | Noticed Prince Ribbit
  4220 | D:5      | Killed Prince Ribbit
  4220 | D:5      | Reached skill level 8 in Maces & Flails
  4272 | D:5      | Found a bloodstained altar of Trog.
  4672 | D:6      | Found a runed translucent door.
  4672 | D:6      | Noticed loralnil's ghost (novice GnTm)
  5005 | D:5      | Reached skill level 9 in Maces & Flails
  5118 | D:6      | Reached ** piety under Makhleb
  5187 | D:6      | Reached XP level 9. HP: 42/51 MP: 9/9
  5860 | D:3      | Killed Eustachio
  5860 | D:3      | Reached skill level 10 in Maces & Flails
  6082 | D:7      | Found Ukha Dyji's Assorted Antiques.
  6224 | D:7      | Found a blossoming altar of Fedhas.
  6243 | D:7      | Found an ancient bone altar of Kikubaaqudgha.
  6759 | D:8      | Reached *** piety under Makhleb
  6822 | D:8      | Identified a scroll of acquirement
  6822 | D:8      | Acquired 1140 gold pieces
  6841 | D:8      | Noticed a death knight
  6842 | D:8      | Noticed a troll
  6856 | D:8      | Reached skill level 11 in Maces & Flails
  6888 | D:8      | Killed a troll
  6888 | D:8      | Reached XP level 10. HP: 26/56 MP: 10/10
  6915 | D:8      | Mangled by a death knight

Illustrated notes

Levels and vault maps discovered:
D:1:      minmay_arrival_stair_chambers, layout_loops_cross
D:2:      layout_basic, minmay_pentomino_s2, uniq_natasha
D:3:      wander_river, layout_loops_cross, makhleb_grotto_becter, serial_glass,
          glass_columns_c, glass_columns_c, glass_columns_a, glass_columns_b,
          glass_columns_b, glass_columns_c, glass_columns_b, glass_columns_c,
          glass_columns_c, glass_columns_a, glass_columns_c, glass_columns_a,
          glass_columns_c, glass_columns_b, nemelex_lonely_heart_becter,
          uniq_robin
D:4:      cheibrodos_helix_gallery, layout_rooms, uniq_eustachio, uniq_sigmund
D:5:      layout_rooms, old_standard_altar, minmay_temple_entry_overgrown,
          enter_ossuary_1, uniq_prince_ribbit1
D:6:      layout_basic, gammafunk_ghost_grave
D:7:      layout_basic, kennysheep_little_box, serial_shops,
          nicolae_shop_overgrown_old_shop, basic_altar
D:8:      minmay_chambers_of_sevens, layout_basic, serial_shops, shop
Temple:   dpeg_five_rooms_temple

Skill      XL: |  1  2  3  4  5  6  7  8  9 |
---------------+----------------------------+-----
Maces & Flails | 3 4 5 6 7 9 11 | 11.3
Shields        | 4 5 6 7 9 |  9.4
Fighting       | |  3.2
Armour         | |  3.2

Action                   |  1- 3 |  4- 6 |  7- 9 | 10-12 || total
-------------------------+-------+-------+-------+-------++-------
Melee: Flail             |    87 |   261 |    76 |       ||   424
       Whip              |       |       |   384 |    24 ||   408
  Use: Scroll            |     5 |     7 |    13 |       ||    25
       Potion            |       |     2 |     2 |     2 ||     6
Armor: Scale mail        |    35 |   170 |       |       ||   205
       Chain mail        |       |    50 |    92 |       ||   142
       Plate armour      |       |       |    58 |       ||    58
Dodge: Dodged            |    28 |   104 |    44 |     2 ||   178
Block: Kite shield       |    37 |   234 |   349 |     6 ||   626
       Reflection        |       |       |     7 |       ||     7

Table legend: (Time is in decaauts)
 A = Elapsed time spent in this place.
 B = Non-inter-level travel time spent in this place.
 C = Inter-level travel time spent in this place.
 D = Time resting spent in this place.
 E = Time spent auto-exploring this place.
 F = Levels seen in this place.
 G = Mean time per level.
                   A        B        C        D        E       F      G
               +--------+--------+--------+--------+--------+-----+--------+
         Total |   6976 |   6538 |    438 |   1343 |   3559 |  10 |  697.6 |
       Dungeon |   6489 |   6105 |    384 |   1343 |   3253 |   8 |  811.1 |
        Temple |    243 |    189 |     54 |      0 |    188 |   1 |  243.0 |
       Ossuary |    243 |    243 |      0 |      0 |    118 |   1 |  243.0 |
               +--------+--------+--------+--------+--------+-----+--------+

Top non-repeatable levels by time:
     D:2: 1266 daAuts
     D:3: 1174 daAuts
     D:6: 949 daAuts
     D:5: 785 daAuts
     D:1: 763 daAuts
     D:4: 704 daAuts
     D:7: 676 daAuts
  Temple: 243 daAuts
 Ossuary: 243 daAuts
     D:8: 169 daAuts
